 Dungeon Crawl Stone Soup version 0.27-a0-828-g8289197e94 (webtiles) character file.

Game seed: 1613264511025796140

72 polve the Changer (level 4, 0/35 HPs)
             Began as a Draconian Transmuter on Mar 30, 2021.
             Killed from afar by a steam dragon (15 damage)
             ... with a ball of steam
             ... on level 3 of the Dungeon.
             The game lasted 00:02:54 (2956 turns).

polve the Changer (Draconian Transmuter)            Turns: 2956, Time: 00:02:55

Health: 0/35       AC:  5    Str: 13    XL:     4   Next: 7%
Magic:  7/7        EV: 12    Int: 14    God:
Gold:   164        SH:  0    Dex: 11    Spells: 6/7 levels left

rFire    . . .     SeeInvis .     - Unarmed
rCold    . . .     Faith    .   (no shield)
rNeg     . . .     Spirit   .   (armour unavailable)
rPois    .         Reflect  .   (helmet currently unavailable)
rElec    .         Harm     .   (no cloak)
rCorr    .         Rampage  .   (no gloves)
Will     .....                  (boots currently unavailable)
Stlth    +.........             (no amulet)
HPRegen  0.11/turn              g - ring of wizardry
MPRegen  0.10/turn              (no ring)

@: brilliant, appendages
A: horns 2, talons 2, AC +5, unfitting armour, cold-blooded
a: End Transformation


You were on level 3 of the Dungeon.
You had temporarily grown beastly horns and talons.
You visited 1 branch of the dungeon, and saw 3 of its levels.

You collected 164 gold pieces.

Inventory:

Armour
 b - a +0 cloak
Jewellery
 g - a ring of wizardry (left hand)
Scrolls
 e - a scroll of fear {unknown}
 f - a scroll of amnesia {unknown}
 i - a scroll of magic mapping {unknown}
 j - 3 scrolls of identify {unknown}
 k - a scroll of teleportation {unknown}
 l - 3 scrolls of noise {unknown}
 n - a scroll of enchant armour {unknown}
Potions
 d - a potion of mutation {unknown}
 h - a potion of degeneration {unknown}
 m - a potion of curing {unknown}


   Skills:
 - Level 1.1 Fighting
 - Level 1.7 Dodging
 - Level 3.0 Unarmed Combat
 - Level 2.0 Spellcasting
 + Level 4.4 Transmutations


You had 6 spell levels left.
You knew the following spells:

 Your Spells              Type           Power      Damage    Failure   Level
a - Beastly Appendage     Tmut           40%        N/A       1%          1

Your spell library contained the following spells:

 Spells                   Type           Power      Damage    Failure   Level
 Wereblood                Tmut           20%        N/A       2%          2
 Animate Skeleton         Necr           4%         N/A       10%         1
 Apportation              Tloc           4%         N/A       10%         1
 Corona                   Hex            2%         N/A       10%         1
 Summon Small Mammal      Summ           8%         N/A       10%         1
 Spider Form              Tmut/Pois      5%         N/A       12%         3
 Ice Form                 Ice/Tmut       11%        N/A       34%         4
 Hydra Form               Tmut           10%        N/A       38%         5


Dungeon Overview and Level Annotations

Branches:
Dungeon (3/15)

Altars:


Innate Abilities, Weirdness & Mutations

You have temporarily grown beastly horns and talons.
Your plain brown scales are hard. (AC +5)
You cannot fit into any form of body armour.
You are cold-blooded and may be slowed by cold attacks.


Message History

The orc is heavily wounded.
The orc completely misses you. The orc hits you but does no damage.
You hit the orc.
You kill the orc!
The orc hits you with a +0 club.
You have reached level 4!
You feel stronger.
You hit the orc.
You tail-slap the orc, but do no damage.
The orc is heavily wounded.
The orc hits you with a +0 club. The orc misses you.
You hit the orc but do no damage. You tail-slap the orc.
The orc is almost dead.
The orc hits you but does no damage. The orc barely misses you.
You barely miss the orc. Your kick misses the orc.
The orc is almost dead.
The orc barely misses you. The orc hits you with a +0 club.
You barely miss the orc. Your kick misses the orc.
The orc is almost dead.
The orc closely misses you. The orc hits you but does no damage.
You closely miss the orc. You claw the orc.
You kill the orc!
The orc barely misses you. The orc barely misses you.
Items here: ( )) [.
You hit the orc but do no damage. You claw the orc.
The orc is moderately wounded.
The orc barely misses you.
You hit the orc.
You kill the orc!
You see here a +0 club.
A steam dragon comes into view.
Found a stone staircase leading down.
A steam dragon is nearby!
The steam dragon hisses angrily.
The steam dragon breathes steam at you. The ball of steam misses you.
The steam dragon breathes steam at you. The ball of steam hits you!
You die...

#.......#.###########
#.......#.#........#
#.......#.#........#
#...D...#.#........#
#.......#†#........#
####...##'#........#
#§..#...........##
+§..'...........'.
#@.)#...........##
#...####........#
#...# #........#
#<..# #........#
##### #........#
##########


There were no monsters in sight!

Vanquished Creatures
  A gnoll (D:2)
  2 worms
  A dart slug (D:3)
  5 orcs (D:3)
  2 ball pythons (D:1)
  4 bats
  An endoplasm (D:1)
  A giant cockroach (D:1)
  8 goblins
  4 hobgoblins
  4 quokkas
  4 frilled lizards
  4 kobolds
  7 rats
48 creatures vanquished.

Notes
Turn   | Place    | Note
-------+----------+-------------------------------------------
     0 | D:1      | polve the Draconian Transmuter began the quest for the Orb.
     0 | D:1      | Reached XP level 1. HP: 16/16 MP: 3/3
   288 | D:1      | Reached XP level 2. HP: 13/23 MP: 3/5
   559 | D:1      | Reached skill level 3 in Transmutations
  1386 | D:2      | Reached XP level 3. HP: 28/28 MP: 4/6
  2264 | D:2      | Reached skill level 4 in Transmutations
  2925 | D:3      | HP: 1/28 [orc/boomerang (3)]
  2935 | D:3      | Reached XP level 4. HP: 17/35 MP: 5/7
  2944 | D:3      | Noticed a steam dragon
  2956 | D:3      | Killed from afar by a steam dragon

Illustrated notes

Levels and vault maps discovered:
D:1:      dpeg_arrival_rooms_b, layout_basic
D:2:      layout_basic
D:3:      layout_basic, grunt_decor_cap

Skill      XL: |  1  2  3 |
---------------+----------+-----
Transmutations | 3 4 |  4.4
Fighting       | |  1.1
Dodging        | |  1.7
Unarmed Combat | |  3.0
Spellcasting   | |  2.0

Action                   |  1- 3 |  4- 6 || total
-------------------------+-------+-------++-------
Melee: Unarmed           |   143 |     7 ||   150
       Headbutt          |    16 |       ||    16
       Tailslap          |    16 |     2 ||    18
       Kick              |    14 |     2 ||    16
       Punch             |     3 |       ||     3
 Cast: Beastly Appendage |    28 |       ||    28
  Use: Potion            |     2 |       ||     2
 Stab: Sleeping          |     1 |       ||     1
Armor: Skin              |    49 |     2 ||    51
Dodge: Dodged            |    76 |     8 ||    84

Table legend: (Time is in decaauts)
 A = Elapsed time spent in this place.
 B = Non-inter-level travel time spent in this place.
 C = Inter-level travel time spent in this place.
 D = Time resting spent in this place.
 E = Time spent auto-exploring this place.
 F = Levels seen in this place.
 G = Mean time per level.
                   A        B        C        D        E       F      G
               +--------+--------+--------+--------+--------+-----+--------+
         Total |   2947 |   2812 |    135 |      0 |   2381 |   3 |  982.3 |
       Dungeon |   2947 |   2812 |    135 |      0 |   2381 |   3 |  982.3 |
               +--------+--------+--------+--------+--------+-----+--------+

Top non-repeatable levels by time:
     D:1: 1277 daAuts
     D:2: 1108 daAuts
     D:3: 561 daAuts
